 Dungeon Crawl Stone Soup version 0.28-a0-883-gc8d7bad45d (webtiles) character file.

Game seed: 17813431257899829479

423 funkygono the Slasher (level 7, -8/55 HPs)
             Began as a Formicid Fighter on Nov 21, 2021.
             Killed from afar by a steam dragon (12 damage)
             ... with a ball of steam
             ... on level 4 of the Dungeon.
             The game lasted 00:05:10 (3860 turns).

funkygono the Slasher (Formicid Fighter)            Turns: 3860, Time: 00:05:10

Health: -8/55      AC:  7    Str: 22    XL:     7   Next: 17%
Magic:  7/7        EV: 10    Int:  8    God:
Gold:   207        SH:  4    Dex: 10    Spells: 6/6 levels left

rFire   . . .      SeeInvis +   a - +0 long sword
rCold   . . .      Faith    .   c - +0 buckler
rNeg    . . .      Spirit   .   b - +0 scale mail
rPois   .          Reflect  .   (helmet unavailable)
rElec   .          Harm     .   (no cloak)
rCorr   .          Rampage  .   (no gloves)
Will    .....                   (no boots)
Stlth   ..........              (no amulet)
HPRegen 0.18/turn               (no ring)
MPRegen 0.10/turn               (no ring)

@: no status effects
A: permanent stasis, dig shafts and tunnels, antennae 3, four strong arms
a: Dig, Shaft Self


You were on level 4 of the Dungeon.
You visited 1 branch of the dungeon, and saw 4 of its levels.

You collected 207 gold pieces.

Inventory:

Hand Weapons
 a - a +0 long sword (weapon)
Missiles
 g - 135 stones
 n - a boomerang (quivered)
Armour
 b - a +0 scale mail (worn)
 c - a +0 buckler (worn)
Wands
 f - a wand of iceblast (6)
 m - a wand of paralysis (5)
Scrolls
 h - 3 scrolls of teleportation
 j - 5 scrolls of identify
 l - a scroll of fear {unknown}
 o - a scroll of holy word {unknown}
 p - a scroll of amnesia {unknown}
Potions
 e - a potion of flight
 k - a potion of curing
 q - a potion of attraction {unknown}


   Skills:
 + Level 4.4 Fighting
 + Level 4.9 Long Blades
 + Level 4.7 Armour
 + Level 1.2 Dodging
 + Level 0.7 Stealth
 + Level 4.5 Shields


You had 6 spell levels left.
You didn't know any spells.
Your spell library contained the following spells:

 Spells                   Type           Power      Damage    Failure   Level
 Cause Fear               Hex            0%         N/A       100%        4
 Dragon Form              Tmut           0%         N/A       100%        7
 Dragon's Call            Summ           0%         N/A       100%        9


Dungeon Overview and Level Annotations

Branches:
Dungeon (4/15)
 Temple: D:4-7

Altars:


Innate Abilities, Weirdness & Mutations

You cannot be hasted, slowed, berserked, paralysed or teleported.
You can dig through walls and to a lower floor.
You have a pair of large antennae on your head. (SInv)
Your four strong arms can wield two-handed weapons with a shield.


Message History

A steam dragon comes into view.
The steam dragon hisses angrily.
There is an open door here.
You barely miss the steam dragon. The steam dragon breathes steam at you.
The ball of steam hits you! The steam dragon breathes steam at you.
The ball of steam hits you!
You hit the steam dragon.
The steam dragon is lightly wounded.
You are engulfed in a cloud of scalding steam.
The steam dragon breathes steam at you. The ball of steam hits you!!
* * * LOW HITPOINT WARNING * * *
You hit the steam dragon but do no damage.
The steam dragon is lightly wounded.
You are engulfed in a cloud of scalding steam.
* * * LOW HITPOINT WARNING * * *
The steam dragon bites you but does no damage.
The steam dragon closely misses you.
You completely miss the steam dragon.
The steam dragon is lightly wounded.
You are engulfed in a cloud of scalding steam.
The steam dragon bites you.
* * * LOW HITPOINT WARNING * * *
The steam dragon claws you.
* * * LOW HITPOINT WARNING * * *
You feel better.
The steam dragon bites you but does no damage.
The steam dragon claws you.
* * * LOW HITPOINT WARNING * * *
You hit the steam dragon.
The steam dragon is moderately wounded.
The steam dragon misses you. The steam dragon claws you.
* * * LOW HITPOINT WARNING * * *
You hit the steam dragon but do no damage.
The steam dragon is lightly wounded.
The steam dragon breathes steam at you. The ball of steam hits you!
You die...

### #.. #.#
##### #.# ....#
#.# ....# #D#
....#
######@#####
....#
#..........####
....##
#.............#
.....#
#.............#
.....#
#.............#
.....#
#.............#
####.#
#.............#
####†##
####....###...#
......# #.....#
...#


You could see a steam dragon (catching breath).

Vanquished Creatures
  An ice beast (D:3)
  A hound (D:4)
  A centaur skeleton (D:4)
  An orc priest (D:4)
  A gnoll shaman (D:4)
  Terence (D:2)
  3 gnolls (D:4)
  6 adders
  A worm (D:3)
  7 dart slugs
  5 orcs
  5 ball pythons
  9 bats
  6 endoplasms
  4 giant cockroaches
  7 goblins
  11 hobgoblins
  3 quokkas
  6 frilled lizards
  6 kobolds
  4 rats
89 creatures vanquished.

Notes
Turn   | Place    | Note
-------+----------+-------------------------------------------
     0 | D:1      | funkygono the Formicid Fighter began the quest for the Orb.
     0 | D:1      | Reached XP level 1. HP: 18/18 MP: 1/1
   212 | D:1      | Reached XP level 2. HP: 22/24 MP: 2/2
   498 | D:1      | Reached XP level 3. HP: 29/29 MP: 3/3
  1222 | D:2      | Noticed Terence
  1231 | D:2      | Killed Terence
  1232 | D:2      | Reached XP level 4. HP: 19/37 MP: 4/4
  1614 | D:2      | Reached XP level 5. HP: 42/42 MP: 5/5
  2339 | D:3      | Noticed an ice beast
  2363 | D:3      | Killed an ice beast
  2364 | D:3      | Reached XP level 6. HP: 21/48 MP: 6/6
  3190 | D:3      | Found a faded altar of an unknown god.
  3606 | D:4      | Reached skill level 1 in Dodging
  3611 | D:4      | HP: 2/49 [hobgoblin (3)]
  3626 | D:4      | Reached XP level 7. HP: 32/55 MP: 7/7
  3852 | D:4      | Noticed a steam dragon
  3857 | D:4      | HP: 2/55 [steam dragon (3)]
  3860 | D:4      | Killed from afar by a steam dragon

Illustrated notes

Levels and vault maps discovered:
D:1:      dpeg_arrival_round_c, layout_basic, roderic_roman_lattice
D:2:      layout_basic, chequers_serial_rivers_micro_c, chequers_avenue,
          uniq_terence
D:3:      minmay_chambers_of_threes, layout_loops_corners,
          hellmonk_ecumenical_altar_heavens_door, minmay_goblin_kobold_house
D:4:      layout_basic

Skill      XL: |  1  2  3  4  5  6 |
---------------+-------------------+-----
Shields        | 4 |  4.5
Armour         | 4 |  4.7
Long Blades    | 3 4 |  4.9
Fighting       | 4 |  4.4
Dodging        | 1 |  1.2
Stealth        | |  0.7

Action                   |  1- 3 |  4- 6 |  7- 9 || total
-------------------------+-------+-------+-------++-------
Melee: Long sword        |   109 |   148 |    18 ||   275
Throw: Boomerang         |       |     3 |       ||     3
Evoke: Wand              |       |     1 |       ||     1
  Use: Scroll            |     1 |     3 |       ||     4
       Potion            |       |     2 |     1 ||     3
Armor: Scale mail        |    52 |    68 |     6 ||   126
Dodge: Dodged            |    45 |    87 |     9 ||   141
Block: Buckler           |    35 |    31 |     4 ||    70

Table legend: (Time is in decaauts)
 A = Elapsed time spent in this place.
 B = Non-inter-level travel time spent in this place.
 C = Inter-level travel time spent in this place.
 D = Time resting spent in this place.
 E = Time spent auto-exploring this place.
 F = Levels seen in this place.
 G = Mean time per level.
                   A        B        C        D        E       F      G
               +--------+--------+--------+--------+--------+-----+--------+
         Total |   3926 |   3722 |    204 |     11 |   2959 |   4 |  981.5 |
       Dungeon |   3926 |   3722 |    204 |     11 |   2959 |   4 |  981.5 |
               +--------+--------+--------+--------+--------+-----+--------+

Top non-repeatable levels by time:
     D:3: 1349 daAuts
     D:1: 1176 daAuts
     D:2: 872 daAuts
     D:4: 529 daAuts
